 Dungeon Crawl Stone Soup version 0.26.1-11-gd32895ea62 (webtiles) character file.

Game seed: 12381491081289565520

485 infcreate the Sneak (level 6, 0/35 HPs)
             Began as a Vampire Necromancer on July 28, 2021.
             Slain by a mummy (16 damage)
             ... in an ossuary.
             The game lasted 00:13:50 (4493 turns).

infcreate the Sneak (Vampire Necromancer)           Turns: 4493, Time: 00:13:51

Health: 0/35       AC:  4    Str:  7    XL:     6   Next: 88%
Magic:  10/10      EV: 14    Int: 18    God:
Gold:   111        SH:  0    Dex: 16    Spells: 6/11 levels left

rFire    + . .     SeeInvis +   u - +2 short sword (drain)
rCold    + + .     Faith    .   (no shield)
rNeg     + + +     Spirit   .   a - +0 robe
rPois    ∞         Reflect  .   j - +1 helmet
rElec    .         Harm     .   (no cloak)
rCorr    .         Rampage  .   (no gloves)
Will     .....                  (no boots)
Stlth    +++++.....             (no amulet)
HPRegen  0.00/turn              P - ring of poison resistance
MPRegen  0.12/turn              F - ring of protection from fire

@: bloodless
A: fangs 3, see invisible, unbreathing
a: Bat Form, Revivify


You were in an ossuary.
You visited 1 branch of the dungeon, and saw 4 of its levels.
You also visited: Ossuary.

You collected 111 gold pieces.


Innate Abilities, Weirdness & Mutations

You do not regenerate when monsters are visible.
You are frail without blood (-20% HP).
You can heal yourself when you bite living creatures.
You are immune to poison.
You have razor-sharp teeth.
You have supernaturally acute eyesight. (SInv)
You can survive without breathing.


   Skills:
 + Level 2.2 Fighting
 + Level 3.0 Short Blades
 + Level 3.9 Dodging
 + Level 5.5 Stealth
 + Level 3.2 Spellcasting
 + Level 5.4 Necromancy


You had 6 spell levels left.
You knew the following spells:

 Your Spells              Type           Power        Failure   Level
a - Animate Skeleton      Necr           44%          1%          1
p - Pain                  Necr           88%          1%          1
v - Vampiric Draining     Necr           11%          4%          3

Your spell library contained the following spells:

 Spells                   Type           Power        Failure   Level
 Animate Dead             Necr           11%          17%         4
 Agony                    Necr           22%          43%         5

Inventory:

Hand Weapons
 u - a +2 short sword of draining (weapon)
Missiles
 l - a throwing net {=f}
Armour
 a - a +0 robe (worn)
 j - a +1 helmet (worn)
Jewellery
 F - a ring of protection from fire (right hand)
 P - a ring of poison resistance (left hand)
Wands
 k - a wand of acid (16)
Scrolls
 b - 8 scrolls of identify {@r1}
 f - 2 scrolls of magic mapping
 h - 2 scrolls of teleportation {@r4}
 m - 3 scrolls of remove curse {@r2}
Potions
 c - 3 potions of cancellation {unknown}
 d - 2 potions of flight {unknown}
 e - 3 potions of haste {@q3}
 g - a potion of attraction {unknown}
 i - a potion of ambrosia {unknown}
 p - a potion of lignification {unknown}
 r - a potion of might {unknown}
 s - a potion of magic {unknown}

Dungeon Overview and Level Annotations

Branches:
Dungeon (4/15)             Temple (0/1) D:4         Ossuary (1/1)

Altars:
Makhleb
Nemelex Xobeh

*,,,,,,^,,,,,,,,...,^....,,,,,*
*,,****,,***,,**#..**#..##**,,*
*,,*,+,,,*,*,,*,#.^*,#...+,*,.▒
*,,****..#+#.^#+#..#+#..####..▒
*,^,,,...#.#.^#.#..#.#........▒
*,,,,,........................▒
*,,***#.......###^......####..▒
*,,*,+....8...#M#...8....'.#..▒
*,,***#.......#@#.......####..▒
*,,,,,........#.#...........^.▒▒
*,,,,,........................▒▒
*,,****..####.....####..####..'=
*^,*,+...#.'...8..^'.#...'.#..'.
*,^*###..####....^####..####..'.
*,,,..........................▒▒
*,,,,.^.......#.#.............▒▒
*,,**##.......#'#.......####..▒


You could see a mummy.


Message History

There is an open door here.
You open the door.
Found a scroll labelled PUNGIT QIGG.
There is an open door here.
n - a scroll labelled PUNGIT QIGG
There is an open door here.
As you read the scroll labelled PUNGIT QIGG, it crumbles to dust.
It is a scroll of enchant weapon.
Your +1 short sword of draining glows red for a moment.
You open the door.
A mummy comes into view.
Found a fuming brown potion.
There is an open door here.
The helpless mummy fails to defend itself.
You puncture the mummy! You bite the mummy.
The mummy is almost destroyed.
The mummy hits you!!
Ouch! That really hurt!
* * * LOW HITPOINT WARNING * * *
You completely miss the mummy.
The mummy is almost destroyed.
You hit the mummy but do no damage.
The mummy is almost destroyed.
The mummy closely misses you.
You hit the mummy.
The mummy is almost destroyed.
You hit the mummy but do no damage.
The mummy is almost destroyed.
The mummy hits you!
You die...

Skill      XL: |  1  2  3  4  5  6 |
---------------+-------------------+-----
Short Blades   | 1 2 3 |  3.0
Fighting       | 1 2 |  2.2
Stealth        | 4 5 |  5.5
Dodging        | 3 |  3.9
Necromancy     | 5 |  5.4
Spellcasting   | 3 |  3.2

Action                   |  1- 3 |  4- 6 || total
-------------------------+-------+-------++-------
Melee: Short sword       |     8 |    41 ||    49
       Bite              |       |     5 ||     5
 Cast: Pain              |    55 |   121 ||   176
       Vampiric Draining |       |     5 ||     5
 Abil: Exsanguinate      |       |     1 ||     1
  Use: Scroll            |       |    11 ||    11
 Stab: Sleeping          |       |     9 ||     9
Armor: Robe              |       |     7 ||     7
Dodge: Dodged            |     7 |    27 ||    34

Levels and vault maps discovered:
D:1:      eino_arrival_water_star, layout_loops_ring
D:2:      layout_basic, minmay_bisected, uniq_natasha
D:3:      layout_loops_ring, amethyst_overflow_temple_binary
D:4:      layout_rooms, minmay_temple_entry_glassed_door,
          nicolae_ossuary_entry_monument, minmay_rat_hole
Ossuary:  ossuary_kennysheep_city_of_the_dead

Notes
Turn   | Place    | Note
-------+----------+-------------------------------------------
     0 | D:1      | infcreate the Vampire Necromancer began the quest for the
                  | Orb.
     0 | D:1      | Reached XP level 1. HP: 13/13 MP: 3/3
    49 | D:1      | Learned a level 1 spell: Animate Skeleton
   466 | D:1      | Reached XP level 2. HP: 18/19 MP: 3/5
   895 | D:2      | Reached skill level 1 in Short Blades
   895 | D:2      | Reached XP level 3. HP: 24/25 MP: 3/6
   899 | D:2      | Learned a level 3 spell: Vampiric Draining
  1204 | D:2      | Noticed Natasha
  1229 | D:2      | Killed Natasha
  1230 | D:2      | Reached skill level 1 in Fighting
  1230 | D:2      | Reached skill level 4 in Stealth
  1230 | D:2      | Reached XP level 4. HP: 25/32 MP: 1/7
  1453 | D:2      | Reached skill level 3 in Dodging
  1619 | D:2      | Noticed Natasha
  1636 | D:2      | Killed Natasha
  1675 | D:2      | Noticed Natasha
  1685 | D:2      | HP: 3/32 [white imp/puff of frost[Natasha] (10)]
  1686 | D:2      | Killed Natasha
  1687 | D:2      | Reached XP level 5. HP: 3/37 MP: 4/8
  1939 | D:2      | Reached skill level 2 in Short Blades
  1959 | D:2      | Reached skill level 5 in Necromancy
  3161 | D:3      | Found a sparkling altar of Nemelex Xobeh.
  3168 | D:3      | Found a burning altar of Makhleb.
  3315 | D:3      | Noticed a sky beast
  3409 | D:3      | Killed a sky beast
  3410 | D:3      | Reached skill level 2 in Fighting
  3410 | D:3      | Reached skill level 5 in Stealth
  3410 | D:3      | Reached skill level 3 in Spellcasting
  3410 | D:3      | Reached XP level 6. HP: 44/44 MP: 0/10
  4011 | D:4      | Found a staircase to the Ecumenical Temple.
  4021 | D:4      | Found a sand-covered staircase.
  4034 | Ossuary  | Entered an ossuary
  4034 | Ossuary  | Noticed a wraith
  4034 | Ossuary  | Noticed a wraith
  4034 | Ossuary  | Noticed a wraith
  4079 | Ossuary  | Reached skill level 3 in Short Blades
  4493 | Ossuary  | Slain by a mummy

Vanquished Creatures
  A sky beast (D:3)
  An ogre (D:3)
  A hound (D:4)
  Natasha (thrice) (D:2)
  A mummy (Ossuary)
  6 adders
  4 gnolls
  2 oozes
  2 worms
  3 dart slugs
  A leopard gecko (D:3)
  5 orcs (D:3)
  8 bats
  5 giant cockroaches
  4 goblins
  5 hobgoblins
  4 jackals (D:4)
  2 quokkas
  5 frilled lizards
  2 goblin zombies (Ossuary)
  2 hobgoblin zombies (Ossuary)
  9 kobolds
  2 kobold zombies (Ossuary)
  10 rats
88 creatures vanquished.

Table legend: (Time is in decaauts)
 A = Elapsed time spent in this place.
 B = Non-inter-level travel time spent in this place.
 C = Inter-level travel time spent in this place.
 D = Time resting spent in this place.
 E = Time spent auto-exploring this place.
 F = Levels seen in this place.
 G = Mean time per level.
                   A        B        C        D        E       F      G
               +--------+--------+--------+--------+--------+-----+--------+
         Total |   4500 |   2771 |   1729 |   1591 |      0 |   5 |  900.0 |
       Dungeon |   4044 |   2315 |   1729 |   1345 |      0 |   4 | 1011.0 |
       Ossuary |    455 |    455 |      0 |    246 |      0 |   1 |  455.0 |
               +--------+--------+--------+--------+--------+-----+--------+

Top non-repeatable levels by time:
     D:2: 1730 daAuts
     D:3: 1174 daAuts
     D:1: 975 daAuts
 Ossuary: 455 daAuts
     D:4: 164 daAuts

Table legend:
 A = Non-vault XP
 B = Vault XP
 C = Vault XP percentage of total XP
 D = Non-vault monster count
 E = Vault monster count
 F = Vault count percentage of total count
                 A         B        C        D         E       F
            +---------+---------+-------+---------+---------+-------
      Total |     624 |      70 |  10.1 |      76 |      12 |  13.6
            +---------+---------+-------+---------+---------+-------
        D:1 |      48 |       0 |   0.0 |      16 |       0 |   0.0
        D:2 |     176 |      46 |  20.7 |      21 |       5 |  19.2
        D:3 |     346 |       0 |   0.0 |      32 |       0 |   0.0
        D:4 |      54 |       0 |   0.0 |       7 |       0 |   0.0
    Ossuary |       0 |      24 | 100.0 |       0 |       7 | 100.0
            +---------+---------+-------+---------+---------+-------
